 Dungeon Crawl Stone Soup version 0.31-a0-232-gb1c03b2570 (webtiles) character file.

Game seed: 5296133307490830353

154 qw the Shooter (level 5, 0/45 HPs)
             Began as a Minotaur Hexslinger on July 7, 2023.
             Slain by a hobgoblin
             ... wielding a +0 club
             ... led by Robin
              (3 damage)
             ... on level 4 of the Dungeon.
             The game lasted 00:00:48 (2538 turns).

qw the Shooter (Minotaur Hexslinger)                Turns: 2538, Time: 00:00:49

Health: 0/45       AC:  5    Str: 13    XL:     5   Next: 13%
Magic:  5/5        EV: 11    Int: 10    God:
Gold:   23         SH:  0    Dex: 14    Spells: 5/6 levels left

rFire   . . .        a - +2 sling (heavy)
rCold   . . .        (no shield)
rNeg    . . .        e - +0 ring mail
rPois   .            (helmet restricted)
rElec   .            (no cloak)
rCorr   .            (no gloves)
SInv    +            (no boots)
Will    .....        (no amulet)
Stlth   +            k - ring of see invisible
HPRegen 0.27/turn    (no ring)
MPRegen 0.09/turn

%: no passive effects
@: no status effects
A: horns 2, retaliatory headbutt
a: no special abilities


You were on level 4 of the Dungeon.
You visited 1 branch of the dungeon, and saw 4 of its levels.

You collected 287 gold pieces.
You spent 264 gold pieces at shops.


Innate Abilities, Weirdness & Mutations

You have a pair of horns on your head.
You reflexively headbutt those who attack you in melee.


   Skills:
 - Level 3.0 Fighting
 + Level 5.2 Ranged Weapons
 - Level 1.0 Armour
 - Level 2.1 Dodging
 - Level 1.0 Spellcasting
 - Level 2.0 Hexes


You had 5 spell levels left.
You knew the following spells:

 Your Spells              Type           Power      Damage    Failure   Level
a - Slow                  Hex            16%        N/A       32%         1

Your spell library contained the following spells:

 Spells                   Type           Power      Damage    Failure   Level
 Inner Flame              Hex/Fire       2%         N/A       82%         3
 Portal Projectile        Hex/Tloc       4%         N/A       82%         3
 Cause Fear               Hex            2%         N/A       97%         4

Inventory:

Hand Weapons
 a - a +2 heavy sling (weapon)
Armour
 e - a +0 ring mail (worn)
Jewellery
 k - a ring of see invisible (left hand)
Scrolls
 b - 2 scrolls of identify
 c - a scroll of brand weapon
 f - a scroll of fear {unknown}
Potions
 i - 2 potions of curing
 j - a potion of berserk rage {unknown}

Dungeon Overview and Level Annotations

Branches:
Dungeon (4/15)
 Temple: D:4-7

Altars:
Fedhas

Shops:
D:3 =   D:4 *

Annotations:
D:4 2 runed translucent doors, qw's ghost, amateur MiHs


Message History

Robin hits you with a +4 short sword of protection.
The hobgoblin hits you with a +0 club!
Robin hits you with a +4 short sword of protection.
The hobgoblin completely misses you.
2534 ||| DRINKING potion of heal wounds.
You feel much better. The hobgoblin barely misses you.
The hobgoblin hits you but does no damage.
Robin roars a battlecry!
The hobgoblin goes into a battle-frenzy!
You shoot a sling bullet.
The sling bullet hits Robin but does no damage.
Robin is heavily wounded.
The hobgoblin closely misses you.
The hobgoblin hits you but does no damage.
Robin hits you with a +4 short sword of protection.
The hobgoblin closely misses you. Robin misses you.
The hobgoblin barely misses you. You furiously retaliate!
You headbutt the hobgoblin!
You kill the hobgoblin!
You shoot a sling bullet. The sling bullet barely misses Robin.
The hobgoblin hits you with a +0 club. Robin closely misses you.
You furiously retaliate!
You headbutt Robin. The goblin barely misses you.
Robin hits you with a +4 short sword of protection.
The hobgoblin hits you with a +0 club.
You shoot a sling bullet.
The sling bullet hits Robin but does no damage.
Robin is almost dead.
The hobgoblin closely misses you.
Robin hits you with a +4 short sword of protection.
The goblin hits you with a +0 club. The goblin barely misses you.
You furiously retaliate!
You headbutt the goblin.
You kill the goblin!
Robin closely misses you. You furiously retaliate!
You headbutt Robin.
You kill Robin!
The hobgoblin hits you with a +0 club.
You shoot a sling bullet. The sling bullet hits the hobgoblin.
You kill the hobgoblin!
The hobgoblin hits you with a +0 club.
You die...

#. #.. .. ... .# ...
.#... .#.# . ... ...
######)#...#.
#...)@).)...#
###.#####...).g......
.>.........####......
##.#####...#...(.....
#.#####.....# ####.
#.##......###
#.##.##........
#####.##.##.#......
............#######


You could see a hobgoblin (strong).

Vanquished Creatures
  Robin (D:4)
  6 adders
  3 worms
  A dart slug (D:3)
  5 ball pythons
  4 bats
  10 endoplasms
  2 giant cockroaches
  14 goblins
  8 hobgoblins
  4 jackals
  6 kobolds
  A quokka (D:3)
  2 frilled lizards
  6 rats
73 creatures vanquished.

Notes
Turn   | Place    | Note
-------+----------+-------------------------------------------
     0 | D:1      | qw the Minotaur Hexslinger began the quest for the Orb.
     0 | D:1      | Reached XP level 1. HP: 16/16 MP: 1/1
     0 | D:1      | 0 ||| qw: Version: 0.3-a-46-gb1f654a
     0 | D:1      | 0 ||| qw: Game counter: 2515
     0 | D:1      | 0 ||| qw: Melee chars always use a shield: true
     0 | D:1      | 0 ||| qw: God list: Okawaru
     0 | D:1      | 0 ||| qw: Allow faded altars: false
     0 | D:1      | 0 ||| qw: Do Orc after clearing Dungeon:15 true
     0 | D:1      | 0 ||| qw: Do second Lair branch before Depths: true
     0 | D:1      | 0 ||| qw: Lair rune preference: random
     0 | D:1      | 0 ||| qw: Goals: Normal
     0 | D:1      | 0 ||| PLANNING D:1-11
   113 | D:1      | Reached skill level 3 in Ranged Weapons
   113 | D:1      | Reached XP level 2. HP: 11/23 MP: 2/2
   699 | D:1      | Reached XP level 3. HP: 29/29 MP: 3/3
   755 | D:1      | 755 ||| UPGRADING to +0 leather armour.
   765 | D:1      | 765 ||| DROPPING +0 robe.
   766 | D:1      | 766 ||| READING scroll labelled GOHIG YPAYBOCHENICH.
   771 | D:1      | 771 ||| READING scroll labelled RENGOLYRUGG.
   772 | D:1      | 772 ||| READING scroll labelled BUMOIV NOCRE.
   773 | D:1      | 773 ||| READING scroll labelled KASCHAI QEKKO.
   774 | D:1      | 774 ||| READING scroll labelled TOIX YTEAVUETZ.
   775 | D:1      | 775 ||| READING scroll labelled KILAEMNITA.
   776 | D:1      | 776 ||| DROPPING scroll of poison.
   789 | D:2      | Found a blossoming altar of Fedhas.
   794 | D:2      | 794 ||| STAIRDANCE
   937 | D:2      | Reached skill level 4 in Ranged Weapons
  1135 | D:2      | Reached XP level 4. HP: 36/36 MP: 4/4
  1423 | D:2      | 1423 ||| READING 2 scrolls labelled REGEACWIRA.
  1424 | D:2      | 1424 ||| READING scroll labelled AMEIBB AMUXTUE.
  1425 | D:2      | 1425 ||| READING scroll labelled ITIUNN NOCW.
  1685 | D:3      | Reached skill level 5 in Ranged Weapons
  1825 | D:3      | Found a faded altar of an unknown god.
  1828 | D:3      | Found Zounil's Jewellery Shoppe.
  1834 | D:3      | 1834 ||| SHOPLISTING ring of ice (350 gold, have 232).
  1834 | D:3      | 1834 ||| SHOPLISTING ring of poison resistance (280 gold,
                  | have 232).
  1834 | D:3      | 1834 ||| SHOPLISTING ring of positive energy (280 gold,
                  | have 232).
  1834 | D:3      | 1834 ||| SHOPLISTING ring of protection from fire (350
                  | gold, have 232).
  1834 | D:3      | 1834 ||| BUYING ring of see invisible (210 gold).
  1834 | D:3      | Bought a ring of see invisible for 210 gold pieces
  1834 | D:3      | 1834 ||| SHOPLISTING ring of willpower (350 gold, have 22).
  2091 | D:3      | 2091 ||| UPGRADING to +0 ring mail.
  2101 | D:3      | 2101 ||| DROPPING +0 leather armour.
  2102 | D:3      | 2102 ||| UPGRADING to ring of see invisible.
  2103 | D:3      | 2103 ||| READING scroll labelled LUOLYU HUCLI.
  2104 | D:3      | 2104 ||| DRINKING 3 emerald potions.
  2105 | D:3      | 2105 ||| READING 3 scrolls of identify.
  2105 | D:3      | 2105 ||| IDENTIFYING amethyst potion
  2106 | D:3      | 2106 ||| READING 2 scrolls of identify.
  2106 | D:3      | 2106 ||| IDENTIFYING cyan potion
  2107 | D:3      | 2107 ||| DROPPING potion of degeneration.
  2359 | D:4      | Found Zegrakk's Assorted Antiques.
  2363 | D:4      | 2363 ||| SHOPLISTING cloak (121 gold, have 75).
  2363 | D:4      | 2363 ||| SHOPLISTING dented malachite amulet (135 gold,
                  | have 75).
  2363 | D:4      | 2363 ||| SHOPLISTING embroidered robe (99 gold, have 75).
  2363 | D:4      | 2363 ||| SHOPLISTING scorched tin ring (135 gold, have 75).
  2363 | D:4      | 2363 ||| BUYING scroll of identify (54 gold).
  2363 | D:4      | Bought a scroll of identify for 54 gold pieces
  2407 | D:4      | Found a large runed translucent door.
  2408 | D:4      | Found a large runed translucent door.
  2410 | D:4      | Noticed qw's ghost (amateur MiHs)
  2521 | D:4      | Noticed Robin
  2526 | D:4      | Reached skill level 1 in Armour
  2529 | D:4      | Reached XP level 5. HP: 29/44 MP: 5/5
  2532 | D:4      | Reached skill level 3 in Fighting
  2533 | D:4      | HP: 7/45 [hobgoblin/+0 club[Robin] (7)]
  2533 | D:4      | HP: 3/45 [Robin/+4 short sword of protection (4)]
  2534 | D:4      | 2534 ||| DRINKING potion of heal wounds.
  2537 | D:4      | Killed Robin
  2538 | D:4      | Slain by a hobgoblin

Levels and vault maps discovered:
D:1:      scummos_arrival_simple_crosswalls, layout_basic, minmay_tetromino_t4
D:2:      layout_basic, basic_altar
D:3:      layout_loops_ring, chequers_ecumenical_altar_simple_redux,
          serial_shops, shop, kennysheep_generic_room_15
D:4:      layout_loops_cross, serial_shops, shop, ebering_ghost_disaster_area,
          hangedman_decor_opposing, uniq_robin

Skill      XL: |  1  2  3  4  5 |
---------------+----------------+-----
Ranged Weapons | 3 4 5 |  5.2
Fighting       | 2 3 |  3.0
Armour         | 1 |  1.0
Dodging        | |  2.1
Spellcasting   | |  1.0
Hexes          | |  2.0

Action                     |  1- 3 |  4- 6 || total
---------------------------+-------+-------++-------
   Fire: Sling             |    92 |    59 ||   151
    Use: Scroll            |     6 |     6 ||    12
         Potion            |       |     2 ||     2
 Armour: Robe              |     5 |       ||     5
         Leather armour    |     9 |     5 ||    14
         Ring mail         |       |    22 ||    22
  Dodge: Dodged            |    46 |    48 ||    94

Table legend:
 A = Non-vault XP
 B = Vault XP
 C = Vault XP percentage of total XP
 D = Non-vault monster count
 E = Vault monster count
 F = Vault count percentage of total count
                 A         B        C        D         E       F
            +---------+---------+-------+---------+---------+-------
      Total |     178 |      45 |  20.2 |      58 |      15 |  20.5
            +---------+---------+-------+---------+---------+-------
        D:1 |      36 |       7 |  16.3 |      19 |       4 |  17.4
        D:2 |      78 |       0 |   0.0 |      19 |       0 |   0.0
        D:3 |      48 |       0 |   0.0 |      17 |       0 |   0.0
        D:4 |      16 |      38 |  70.4 |       3 |      11 |  78.6
            +---------+---------+-------+---------+---------+-------
